AoeStats
← flynorc

Four Lakes

507363042Analyzed
1v1 RM · 14d ago on Sep 17, 2026· 27m 27s· 2 players
Game mode
Random Map
Map size
Tiny (2 player)
Population
200
Speed
Normal
Resources
Standard
Victory
Conquest
Starting age
Dark Age
Ending age
Imperial Age
RankedLock teamsTeams togetherTeam positionsShared explorationLock speedFull tech treeHidden civsTurbo modeCheats
Victory
Defeat
🇦🇹 Koreans · Austria
1519
+16
🇺🇸 Gurjaras · United States
1516
-16
slikwilly88
7:13 Loom
flynorc
7:35 Loom
10:34 Feudal Age
11:20 Double-Bit Axe
16:34 Castle Age
14:21 Fishing Lines
17:44 Bow Saw
18:51 Scale Barding Armor
18:58 Forging
20:12 Wheelbarrow
19:33 Light Cavalry
21:24 Chain Barding Armor
23:26 Iron Casting
25:13 Husbandry
30:09 Imperial Age
Connection lost

Rejoining the realm…

Still unreachable

The connection could not be restored.

Session expired

The server has moved on; the page needs a fresh start.